Map: Zen LE

Players

Moonbeam

  • Race: Protoss Protoss
  • League: Silver
  • Spawn Location: 1:00

Ratl - Winner!

  • Race: Protoss Protoss
  • League: Silver
  • Spawn Location: 7:00

VOD

Have the link to the VOD?

Description

Time

  • Played on: Feb. 4, 2020, 7:17 p.m.
  • Length: 14:48
Show
View Real Time Build Order
Export as new Build Order

Moonbeam Protoss 

Build Orders:  

Get SALT Encoding   

  12  0:01  Probe  
  13  0:13  Probe  
  14  0:20  Pylon  
  14  0:25  Probe  
  15  0:38  Probe  
  15  0:40  Gateway  
  16  0:50  Probe  
  16  0:52  Assimilator  
  17  1:02  Probe  
  18  1:10  Gateway  
  18  1:14  Probe  
  19  1:23  Assimilator  
  19  1:26  Probe  
  20  1:35  Pylon  
  20  1:38  Probe  
  21  1:48  Cybernetics Core  
  21  1:50  Probe  
  22  2:16  Pylon  
  22  2:25  Adept (Chrono Boost)  
  22  2:26  Adept (Chrono Boost)  
  26  2:48  Adept x2 (Chrono Boost)  
  30  2:52  Nexus  
  30  3:00  Twilight Council  
  30  3:15  Adept (Chrono Boost)  
  30  3:16  Adept (Chrono Boost)  
  34  3:41  Resonating Glaives  
  34  3:42  Adept x2 (Chrono Boost)  
  34  3:48  Warp Gate  
  38  3:53  Gateway  
  38  4:05  Probe (Chrono Boost)  
  39  4:14  Probe (Chrono Boost)  
  40  4:19  Probe (Chrono Boost)  
  41  4:25  Stargate  
  41  4:29  Pylon  
  41  4:30  Assimilator  
  41  4:31  Probe x2  
  43  4:43  Probe  
  40  5:45  Probe  
  39  5:54  Charge  
  39  5:57  Probe  
  40  6:05  Stalker  
  40  6:06  Stalker x2  
  40  6:08  Phoenix (Chrono Boost)  
  48  6:19  Pylon  
  48  6:21  Pylon  
  48  6:22  Gateway  
  48  6:24  Pylon, Gateway  
  48  6:25  Probe  
  49  6:27  Assimilator  
  49  6:30  Phoenix (Chrono Boost)  
  51  6:35  Robotics Facility  
  51  6:37  Probe, Pylon  
  52  6:47  Stalker  
  52  6:48  Stalker x2  
  52  6:50  Phoenix (Chrono Boost)  
  60  6:55  Probe  
  60  6:57  Probe  
  62  7:08  Probe  
  63  7:09  Probe  
  63  7:10  Phoenix  
  66  7:22  Observer  
  53  7:48  Phoenix  
  51  7:51  Warp Prism  
  53  8:14  Templar Archives  
  53  8:18  Probe (Chrono Boost)  
  54  8:25  Phoenix  
  57  8:28  Probe (Chrono Boost)  
  57  8:35  Immortal (Chrono Boost)  
  60  8:47  Stalker x2  
  60  8:48  Stalker  
  66  8:57  Gateway  
  66  9:01  Gateway  
  46  9:35  Stalker x3  
  46  9:50  Phoenix (Chrono Boost)  
  46  9:58  Stalker  
  46  9:59  Stalker  
  50  10:05  Immortal  
  54  10:11  Phoenix (Chrono Boost)  
  56  10:14  High Templar x2  
  56  10:15  High Templar x2  
  64  10:49  Phoenix  
  66  10:53  Stalker x3  
  66  10:54  Stalker  
  74  11:04  Nexus  
  74  11:23  Archon x2  
  74  11:29  High Templar x2  
  78  11:32  Stalker  
  78  11:33  Stalker x2  
  78  11:35  Zealot  
  78  11:37  Archon  
  45  12:34  Probe  
  45  13:24  Nexus  
Show
View Real Time Build Order
Export as new Build Order

Ratl Protoss - Winner!

Build Orders:  

Get SALT Encoding   

  12  0:01  Probe  
  13  0:13  Probe  
  14  0:20  Pylon  
  14  0:25  Probe  
  15  0:38  Probe  
  15  0:39  Gateway  
  16  0:50  Probe  
  17  1:02  Probe  
  18  1:17  Probe (Chrono Boost)  
  19  1:24  Assimilator  
  18  1:27  Probe (Chrono Boost)  
  18  1:29  Cybernetics Core  
  19  1:32  Probe (Chrono Boost)  
  19  1:39  Assimilator  
  20  1:44  Probe  
  21  1:56  Probe  
  22  2:01  Nexus  
  22  2:08  Probe  
  22  2:11  Warp Gate (Chrono Boost)  
  23  2:29  Pylon  
  23  2:47  Probe, Adept  
  26  2:52  Robotics Facility  
  26  2:54  Forge  
  26  2:58  Gateway  
  26  2:59  Probe  
  27  3:11  Probe  
  28  3:13  Probe  
  29  3:21  Protoss Ground Weapons Level 1 (Chrono Boost)  
  29  3:23  Probe  
  29  3:25  Probe  
  31  3:34  Pylon  
  31  3:36  Probe  
  31  3:37  Probe  
  34  3:48  Probe, Observer  
  34  3:55  Stalker  
  37  4:00  Assimilator  
  37  4:01  Probe x2  
  40  4:10  Observer  
  40  4:13  Probe x2 (Chrono Boost)  
  42  4:25  Probe (Chrono Boost)  
  42  4:31  Probe (Chrono Boost), Immortal  
  48  4:37  Gateway, Sentry x2  
  48  4:38  Probe (Chrono Boost)  
  47  5:02  Stalker x2  
  44  5:21  Probe  
  44  5:22  Probe  
  44  5:28  Stalker x2  
  43  5:33  Probe  
  43  5:34  Probe  
  43  5:46  Probe x2  
  45  5:54  Stalker x3  
  51  5:58  Probe x2  
  53  6:05  Pylon  
  53  6:08  Pylon  
  53  6:10  Probe  
  54  6:12  Assimilator  
  54  6:23  Probe x2, Immortal  
  54  6:25  Pylon  
  60  6:31  Pylon  
  60  6:33  Twilight Council  
  60  6:35  Probe x2  
  60  6:38  Protoss Ground Armor Level 1 (Chrono Boost)  
  62  6:47  Probe x2, Zealot x3  
  70  6:59  Probe x2  
  72  7:08  Shield Battery  
  72  7:10  Shield Battery  
  72  7:11  Shield Battery  
  72  7:14  Photon Cannon, Shield Battery  
  72  7:15  Photon Cannon  
  72  7:17  Immortal, Photon Cannon  
  76  7:23  Probe  
  76  7:24  Probe  
  78  7:35  Probe  
  67  8:01  Immortal  
  67  8:02  Charge (Chrono Boost), Stalker x3  
  67  8:03  Nexus  
  77  8:06  Pylon  
  77  8:07  Assimilator  
  77  8:09  Pylon  
  77  8:11  Assimilator  
  77  8:14  Pylon, Gateway  
  77  8:15  Gateway  
  77  8:42  Probe x2  
  79  8:54  Probe  
  80  8:59  Probe  
  81  9:06  Probe  
  82  9:11  Probe  
  83  9:18  Probe x2  
  83  9:21  Immortal  
  83  9:23  Probe  
  88  9:50  Stalker x2  
  88  9:51  Stalker x3  
  98  9:59  Blink  
  98  10:00  Immortal  
  102  10:30  Gateway  
  102  10:33  Gateway, Warp Prism  
  102  10:38  Dark Shrine  
  102  10:40  Stalker x4  
  102  10:41  Stalker  
  102  10:42  Forge  
  114  10:59  Robotics Facility  
  114  11:08  Zealot x5  
  124  11:37  Pylon  
  124  11:39  Pylon  
  123  11:41  Pylon  
  123  11:55  Immortal  
  127  12:11  Stalker x2  
  127  12:12  Stalker x2  
  127  12:13  Stalker  
  106  12:35  Stalker x4  
  117  12:39  Nexus  
  86  13:51  Gateway x2  
  86  13:54  Gateway  
  86  13:57  Gateway  
  86  14:01  Shield Battery  
  86  14:03  Shield Battery  
  86  14:09  Shield Battery  
  86  14:19  Probe (Chrono Boost)  
  89  14:25  Probe x2 (Chrono Boost)  
  89  14:29  Probe (Chrono Boost)  
  90  14:33  Probe x2 (Chrono Boost)  
  90  14:34  Probe (Chrono Boost)  
Tags
 
Matchup
PvP
Spawn Locations
Cross Positions
Add a new tag
Caveats
  • Supply blocks, unpowered buildings, or Contaminate may cause inaccurate times.
  • Supply counts are checked every 10 seconds.